SL
ATLANTA SMOKE @ LAS VEGAS FLAMINGOS
08/05/2031
 
TOP OF THE 1ST
Atlanta Smoke batting - Pitching for Las Vegas Flamingos : LHP Luis Peña
Pitching: LHP Luis Peña
Batting: LHB Jeff Lawson 0-0: Ground out 6-3 (Groundball, 6)
Batting: RHB Cristo González 0-0: Ground out 6-3 (Groundball, 6S)
Batting: SHB Valentín Guzmán 0-0: SINGLE (Groundball, 56D)
Batting: LHB Albert Morán 0-0: Called Strike
0-1: Called Strike
0-2: Ball
1-2: SINGLE (Line Drive, 78S)
Valentín Guzmán to second
Batting: RHB José Carlos Pérez 0-0: Foul Ball, location: 2F
0-1: Ball
1-1: Swinging Strike
1-2: Strikes out looking
Top of the 1st over - 0 runs, 2 hits, 0 errors, 2 left on base; Atlanta 0 - Las Vegas 0
BOTTOM OF THE 1ST
Las Vegas Flamingos batting - Pitching for Atlanta Smoke : RHP Sy-ing Tah
Pitching: RHP Sy-ing Tah
Batting: RHB Xavier Hernández 0-0: Foul Ball, location: 2F
0-1: Called Strike
0-2: Strikes out swinging
Batting: RHB Sake van Arem 0-0: Swinging Strike
0-1: Foul Ball, location: 2F
0-2: Fly out, F6 (Line Drive, 6)
Batting: LHB Victor Adams 0-0: Ball
1-0: Ball
2-0: Swinging Strike
2-1: Foul Ball, location: 2F
2-2: Ball
3-2: Fly out, F9 (Flyball, 9LM)
Bottom of the 1st over - 0 runs, 0 hits, 0 errors, 0 left on base; Atlanta 0 - Las Vegas 0
TOP OF THE 2ND
Atlanta Smoke batting - Pitching for Las Vegas Flamingos : LHP Luis Peña
Batting: RHB Gabriel Maldonado 0-0: Ball
1-0: Ball
2-0: Ball
3-0: Base on Balls
Batting: RHB Kazu Hishida 0-0: Ball
1-0: Fly out, F5 (Line Drive, 5)
Batting: RHB Ernesto Trevino 0-0: Called Strike
0-1: Reached via error on a dropped throw, E1
Gabriel Maldonado to second
Batting: RHB Pau Arria 0-0: Ball
1-0: SINGLE (Line Drive, 7S)
Gabriel Maldonado to third
Ernesto Trevino to second
Batting: LHB Jeff Lawson 0-0: Called Strike
0-1: Ground out 5-3 (Groundball, 56S)
Gabriel Maldonado scores
Ernesto Trevino to third
Pau Arria to second
Batting: RHB Cristo González 0-0: Called Strike
0-1: Ball
1-1: Ball
2-1: Foul Ball, location: 2F
2-2: Strikes out looking
Top of the 2nd over - 1 run, 1 hit, 1 error, 2 left on base; Atlanta 1 - Las Vegas 0
BOTTOM OF THE 2ND
Las Vegas Flamingos batting - Pitching for Atlanta Smoke : RHP Sy-ing Tah
Batting: RHB Sergio Ortíz 0-0: Called Strike
0-1: Ball
1-1: Swinging Strike
1-2: Strikes out swinging
Batting: SHB Glyn Bolasky 0-0: Swinging Strike
0-1: DOUBLE (Line Drive, 89XD)
Batting: RHB Ellis Greenham 0-0: Ball
1-0: Ball
2-0: Ground out 5-3 (Groundball, 56)
Batting: RHB Sotaro Sakata 0-0: Called Strike
0-1: Ball
1-1: Ball
2-1: Ball
3-1: Base on Balls
Batting: LHB Ruud van Ineveld 0-0: Ground out 4-3 (Groundball, 4MD)
Bottom of the 2nd over - 0 runs, 1 hit, 0 errors, 2 left on base; Atlanta 1 - Las Vegas 0
TOP OF THE 3RD
Atlanta Smoke batting - Pitching for Las Vegas Flamingos : LHP Luis Peña
Batting: SHB Valentín Guzmán 0-0: Ball
1-0: Called Strike
1-1: Ball
2-1: Ball
3-1: Ground out 6-3 (Groundball, 6M)
Batting: LHB Albert Morán 0-0: Called Strike
0-1: Hit by Pitch
Batting: RHB José Carlos Pérez 0-0: Swinging Strike
0-1: Ball
1-1: Grounds into double play, 5-4-3 (Groundball, 56)
Top of the 3rd over - 0 runs, 0 hits, 0 errors, 0 left on base; Atlanta 1 - Las Vegas 0
BOTTOM OF THE 3RD
Las Vegas Flamingos batting - Pitching for Atlanta Smoke : RHP Sy-ing Tah
Batting: RHB Daniel Maldonado 0-0: Ground out 1-3 (Groundball, P)
Batting: RHB Xavier Hernández 0-0: Ball
1-0: Foul Ball, location: 2F
1-1: Foul Ball, location: 2F
1-2: Foul Ball, location: 2F
1-2: Strikes out swinging
Batting: RHB Sake van Arem 0-0: Ball
1-0: Called Strike
1-1: Foul Ball, location: 2F
1-2: Fly out, F7 (Flyball, 7S)
Bottom of the 3rd over - 0 runs, 0 hits, 0 errors, 0 left on base; Atlanta 1 - Las Vegas 0
TOP OF THE 4TH
Atlanta Smoke batting - Pitching for Las Vegas Flamingos : LHP Luis Peña
Batting: RHB Gabriel Maldonado 0-0: Called Strike
0-1: Ball
1-1: Called Strike
1-2: Ball
2-2: Strikes out looking
Batting: RHB Kazu Hishida 0-0: Ball
1-0: SINGLE (Groundball, 56D)
Batting: RHB Ernesto Trevino 0-0: Foul Ball, location: 2F
0-1: Ball
1-1: Fly out, F8 (Flyball, 8RD)
Batting: RHB Pau Arria 0-0: Ball
1-0: Foul Ball, location: 2F
1-1: Called Strike
1-2: Ball
2-2: Ball
3-2: Strikes out swinging
Top of the 4th over - 0 runs, 1 hit, 0 errors, 1 left on base; Atlanta 1 - Las Vegas 0
BOTTOM OF THE 4TH
Las Vegas Flamingos batting - Pitching for Atlanta Smoke : RHP Sy-ing Tah
Batting: LHB Victor Adams 0-0: Ball
1-0: Ball
2-0: Ground out 4-3 (Groundball, 4M)
Batting: RHB Sergio Ortíz 0-0: Called Strike
0-1: Ball
1-1: Ball
2-1: Foul Ball, location: 2F
2-2: Foul Ball, location: 2F
2-2: Foul Ball, location: 2F
2-2: Hit by Pitch
Batting: SHB Glyn Bolasky 0-0: Ball
1-0: Foul Ball, location: 2F
1-1: Foul Ball, location: 2F
1-2: Ball
2-2: Ball
3-2: DOUBLE (Flyball, 8LXD)
Sergio Ortíz to third
Batting: RHB Ellis Greenham 0-0: Ball
1-0: Ball
2-0: Called Strike
2-1: Ball
3-1: Swinging Strike
3-2: Strikes out swinging
Batting: RHB Sotaro Sakata 0-0: Ball
1-0: Swinging Strike
1-1: Ball
2-1: Foul Ball, location: 2F
2-2: Foul Ball, location: 2F
2-2: Strikes out looking
Bottom of the 4th over - 0 runs, 1 hit, 0 errors, 2 left on base; Atlanta 1 - Las Vegas 0
TOP OF THE 5TH
Atlanta Smoke batting - Pitching for Las Vegas Flamingos : LHP Luis Peña
Batting: LHB Jeff Lawson 0-0: Called Strike
0-1: Ground out 4-3 (Groundball, 4MS)
Batting: RHB Cristo González 0-0: Called Strike
0-1: Foul Ball, location: 2F
0-2: Strikes out swinging
Batting: SHB Valentín Guzmán 0-0: Fly out, F8 (Flyball, 8LXD)
Top of the 5th over - 0 runs, 0 hits, 0 errors, 0 left on base; Atlanta 1 - Las Vegas 0
BOTTOM OF THE 5TH
Las Vegas Flamingos batting - Pitching for Atlanta Smoke : RHP Sy-ing Tah
Batting: LHB Ruud van Ineveld 0-0: Called Strike
0-1: Ground out U3 (Groundball, 3)
Batting: RHB Daniel Maldonado 0-0: Ball
1-0: Foul Ball, location: 2F
1-1: Ground out 1-3 (Groundball, 13)
Batting: RHB Xavier Hernández 0-0: Ground out 6-3 (Groundball, 6)
Bottom of the 5th over - 0 runs, 0 hits, 0 errors, 0 left on base; Atlanta 1 - Las Vegas 0
TOP OF THE 6TH
Atlanta Smoke batting - Pitching for Las Vegas Flamingos : LHP Luis Peña
Batting: LHB Albert Morán 0-0: Called Strike
0-1: Foul Ball, location: 2F
0-2: Ball
1-2: Foul Ball, location: 2F
1-2: SINGLE (Groundball, 4MD)
Batting: RHB José Carlos Pérez 0-0: Ball
1-0: Grounds into double play, 1-6-3 (Groundball, 13)
Batting: RHB Gabriel Maldonado 0-0: Ball
1-0: Foul Ball, location: 2F
1-1: Ball
2-1: Swinging Strike
2-2: Ball
3-2: SINGLE (Line Drive, 8LS)
Batting: RHB Kazu Hishida 0-0: Ball
1-0: Ball
2-0: Called Strike
2-1: Foul Ball, location: 2F
2-2: DOUBLE (Line Drive, 3D)
Gabriel Maldonado to third
Batting: RHB Ernesto Trevino 0-0: SINGLE (Line Drive, 6MD)
Gabriel Maldonado scores
Kazu Hishida to third
Batting: RHB Pau Arria 0-0: Ball
1-0: SINGLE (Groundball, 56D)
Kazu Hishida scores
Ernesto Trevino to second
Batting: LHB Jeff Lawson 0-0: Ball
1-0: Ball
2-0: Fly out, F6 (Line Drive, 6)
Top of the 6th over - 2 runs, 5 hits, 0 errors, 2 left on base; Atlanta 3 - Las Vegas 0
BOTTOM OF THE 6TH
Las Vegas Flamingos batting - Pitching for Atlanta Smoke : RHP Sy-ing Tah
Batting: RHB Sake van Arem 0-0: Ball
1-0: Ball
2-0: Ball
3-0: Base on Balls
Batting: LHB Victor Adams 0-0: Ball
Sake van Arem is caught stealing 2nd base
1-0: Ground out 3-1 (Groundball, 34S)
Batting: RHB Sergio Ortíz 0-0: Ground out 4-3 (Groundball, 4)
Bottom of the 6th over - 0 runs, 0 hits, 0 errors, 0 left on base; Atlanta 3 - Las Vegas 0
TOP OF THE 7TH
Atlanta Smoke batting - Pitching for Las Vegas Flamingos : LHP Luis Peña
Batting: RHB Cristo González 0-0: Ball
1-0: Called Strike
1-1: Ball
2-1: Ball
3-1: Foul Ball, location: 2F
3-2: Fly out, F4 (Flyball, 6MD)
Batting: SHB Valentín Guzmán 0-0: Called Strike
0-1: Called Strike
0-2: Ball
1-2: SINGLE (Groundball, 34D)
Batting: LHB Albert Morán 0-0: Ball
1-0: Ball
2-0: Fly out, F8 (Flyball, 89XD)
Batting: RHB José Carlos Pérez 0-0: Foul Ball, location: 2F
0-1: DOUBLE (Flyball, 8LXD)
Valentín Guzmán to third
Runner from 3rd tries for Home, SAFE, no throw
Batting: RHB Gabriel Maldonado 0-0: Ball
1-0: Ball
2-0: Ball
3-0: Called Strike
3-1: Base on Balls
Pitching: RHP Marvin Martin
Batting: RHB Kazu Hishida 0-0: Called Strike
0-1: Ground out 2-3 (Groundball, 2L)
Top of the 7th over - 1 run, 2 hits, 0 errors, 2 left on base; Atlanta 4 - Las Vegas 0
BOTTOM OF THE 7TH
Las Vegas Flamingos batting - Pitching for Atlanta Smoke : RHP Sy-ing Tah
Batting: SHB Glyn Bolasky 0-0: Called Strike
0-1: Foul Ball, location: 2F
0-2: SINGLE (Groundball, 56S) (infield hit)
Batting: RHB Ellis Greenham 0-0: Grounds into double play, 5-4-3 (Groundball, 56)
Batting: RHB Sotaro Sakata 0-0: Ball
1-0: Ball
2-0: Ball
3-0: Called Strike
3-1: Called Strike
3-2: SINGLE (Flyball, 78S)
Batting: LHB Ruud van Ineveld 0-0: Ball
1-0: Ball
2-0: Foul Ball, location: 2F
2-1: Ball
3-1: Called Strike
3-2: Foul Ball, location: 2F
3-2: Foul Ball, location: 2F
3-2: Ground out 6-3 (Groundball, 6)
Bottom of the 7th over - 0 runs, 2 hits, 0 errors, 1 left on base; Atlanta 4 - Las Vegas 0
TOP OF THE 8TH
Atlanta Smoke batting - Pitching for Las Vegas Flamingos : RHP Marvin Martin
Batting: RHB Ernesto Trevino 0-0: DOUBLE (Line Drive, 9LS)
Batting: RHB Pau Arria 0-0: Foul Ball, location: 2F
0-1: Ball
1-1: Ball
2-1: Ground out 5-3 (Groundball, 56)
Batting: LHB Jeff Lawson 0-0: Ball
Ernesto Trevino steals 3rd base
1-0: Reached on error, E3 (Groundball, 34S)
Ernesto Trevino scores
Batting: RHB Cristo González 0-0: Called Strike
0-1: Ball
1-1: Foul Ball, location: 2F
1-2: Ball
2-2: TRIPLE (Flyball, 8LXD)
Jeff Lawson scores
Batting: SHB Valentín Guzmán 0-0: SINGLE (Flyball, 78S)
Cristo González scores
Batting: LHB Albert Morán 0-0: Called Strike
0-1: Swinging Strike
0-2: Ball
1-2: Strikes out looking
Batting: RHB José Carlos Pérez 0-0: Called Strike
0-1: Ball
1-1: Foul Ball, location: 2F
1-2: Ball
2-2: Ball
3-2: Strikes out swinging
Top of the 8th over - 3 runs, 3 hits, 1 error, 1 left on base; Atlanta 7 - Las Vegas 0
BOTTOM OF THE 8TH
Las Vegas Flamingos batting - Pitching for Atlanta Smoke : RHP Sy-ing Tah
Batting: RHB Daniel Maldonado 0-0: Called Strike
0-1: Ball
1-1: Foul Ball, location: 2F
1-2: Strikes out swinging
Batting: RHB Xavier Hernández 0-0: Called Strike
0-1: Fly out, F8 (Flyball, 8LM)
Batting: RHB Sake van Arem 0-0: Ball
1-0: Ball
2-0: Ground out 6-3 (Groundball, 6MS)
Bottom of the 8th over - 0 runs, 0 hits, 0 errors, 0 left on base; Atlanta 7 - Las Vegas 0
TOP OF THE 9TH
Atlanta Smoke batting - Pitching for Las Vegas Flamingos : RHP Marvin Martin
Batting: RHB Gabriel Maldonado 0-0: Called Strike
0-1: Ball
1-1: Called Strike
1-2: Foul Ball, location: 2F
1-2: Ground out 6-3 (Groundball, 6MD)
Batting: RHB Kazu Hishida 0-0: Ball
1-0: Swinging Strike
1-1: Ground out 6-3 (Groundball, 6)
Batting: RHB Ernesto Trevino 0-0: Called Strike
0-1: Ball
1-1: Foul Ball, location: 2F
1-2: Foul Ball, location: 2F
1-2: Ball
2-2: Ground out 6-3 (Groundball, 6)
Top of the 9th over - 0 runs, 0 hits, 0 errors, 0 left on base; Atlanta 7 - Las Vegas 0
BOTTOM OF THE 9TH
Las Vegas Flamingos batting - Pitching for Atlanta Smoke : RHP Sy-ing Tah
Batting: LHB Victor Adams 0-0: Ball
1-0: Foul Ball, location: 2F
1-1: Foul Ball, location: 2F
1-2: SOLO HOME RUN (Flyball, 78XD), Distance : 428 ft
Batting: RHB Sergio Ortíz 0-0: Foul Ball, location: 2F
0-1: Foul Ball, location: 2F
0-2: Ball
1-2: Ball
2-2: Reached on error, E5 (Groundball, 56)
Pitching: LHP Aimo Latva
Batting: SHB Glyn Bolasky 0-0: Called Strike
0-1: Ball
1-1: Foul Ball, location: 2F
1-2: Strikes out swinging
Batting: RHB Ellis Greenham 0-0: Ball
1-0: Ball
2-0: Called Strike
2-1: Called Strike
2-2: Foul Ball, location: 2F
2-2: Ground out 6-3 (Groundball, 6)
Batting: RHB Sotaro Sakata 0-0: Ball
1-0: DOUBLE (Flyball, 8LXD)
Sergio Ortíz scores
Batting: LHB Ruud van Ineveld 0-0: Called Strike
0-1: Ball
1-1: Ball
2-1: Foul Ball, location: 2F
2-2: Strikes out looking
Bottom of the 9th over - 2 runs, 2 hits, 1 error, 1 left on base; Atlanta 7 - Las Vegas 2
Tuesday, June 12th, 2018 - OOTP Baseball 18.8 Build 76